3AAA
SANTA BARBARA GOLDEN CRANES @ HOUSTON BC
07/18/2024
 
TOP OF THE 1ST
Santa Barbara Golden Cranes batting - Pitching for Houston BC : LHP Shawn Arnold
Pitching: LHP Shawn Arnold
Batting: RHB Gilbert Graham 0-0: Foul Ball, location: 2F
0-1: DOUBLE (Flyball, 78D)
Pinch Runner at 2nd Miguel Mendoza:
Batting: RHB Kyle Dempsey 0-0: Ball
1-0: Ball
2-0: Foul Ball, location: 2F
2-1: Ball
3-1: Called Strike
3-2: Base on Balls
Batting: RHB Pablo Lugo 0-0: Ball
1-0: Called Strike
1-1: DOUBLE (Groundball, 5L)
Miguel Mendoza scores
Kyle Dempsey to third
Batting: RHB Xavier Hernández 0-0: Foul Ball, location: 2F
0-1: Ball
1-1: Ball
2-1: SINGLE (Groundball, 6MD)
Kyle Dempsey scores
Pablo Lugo to third
Runner from 3rd tries for Home, SAFE, no throw or cutoff
Batting: RHB Logan Manning 0-0: Foul Ball, location: 2F
0-1: SINGLE (Line Drive, 8RS)
Xavier Hernández to second
Batting: RHB Rob Thomason 0-0: Called Strike
0-1: Swinging Strike
0-2: Foul Ball, location: 2F
0-2: Ball
1-2: Strikes out looking
Batting: RHB Ángel Ruezga 0-0: Ball
1-0: Fly out, F8 (Flyball, 8RD)
Runner from 2nd tags up, SAFE at 3rd, no throw
Batting: SHB Wilbert Carter 0-0: Called Strike
0-1: Fly out, F6 (Line Drive, 6)
Top of the 1st over - 3 run(s), 4 hit(s), 0 error(s), 2 left on base; Santa Barbara 3 - Houston 0
BOTTOM OF THE 1ST
Houston BC batting - Pitching for Santa Barbara Golden Cranes : RHP Jason Troughton
Pitching: RHP Jason Troughton
Now at 1B: Miguel Mendoza
Batting: RHB Ludovico Trezza 0-0: Ball
1-0: Ball
2-0: Called Strike
2-1: Fly out, F9 (Flyball, 9LS)
Batting: RHB Alex Maxwell 0-0: Ball
1-0: Ball
2-0: Called Strike
2-1: SINGLE (Groundball, 6MD)
Batting: LHB Enrique Sánchez 0-0: Called Strike
0-1: SINGLE (Groundball, 34D)
Alex Maxwell to second
Runner from 2nd tries for 3rd, OUT!
Batting: SHB Ricardo Pérez 0-0: Ball
1-0: Foul Ball, location: 2F
1-1: Ground out 4-3 (Groundball, 34)
Bottom of the 1st over - 0 run(s), 2 hit(s), 0 error(s), 1 left on base; Santa Barbara 3 - Houston 0
TOP OF THE 2ND
Santa Barbara Golden Cranes batting - Pitching for Houston BC : LHP Shawn Arnold
Batting: RHB Ted Young 0-0: Foul Ball, location: 2F
0-1: Ball
1-1: Foul Ball, location: 2F
1-2: Foul Ball, location: 2F
1-2: Foul Ball, location: 2F
1-2: Ball
2-2: Ball
3-2: Base on Balls
Batting: LHB Miguel Mendoza 0-0: Fly out, F7 (Flyball, 7S)
Batting: RHB Kyle Dempsey 0-0: SINGLE (Line Drive, 7S)
Ted Young to second
Batting: RHB Pablo Lugo 0-0: Foul Ball, location: 2F
0-1: Foul Ball, location: 2F
0-2: Foul Ball, location: 2F
0-2: Ball
1-2: Ball
2-2: Grounds into double play, 6-4-3 (Groundball, 6)
Top of the 2nd over - 0 run(s), 1 hit(s), 0 error(s), 1 left on base; Santa Barbara 3 - Houston 0
BOTTOM OF THE 2ND
Houston BC batting - Pitching for Santa Barbara Golden Cranes : RHP Jason Troughton
Batting: RHB Albert Delgado 0-0: Ball
1-0: Ball
2-0: Ball
3-0: Called Strike
3-1: Base on Balls
Batting: RHB António Sánchez 0-0: Ball
Albert Delgado steals 2nd base
1-0: Swinging Strike
1-1: Called Strike
1-2: Ball
2-2: Reached on error, E6 (Groundball, 6M)
Albert Delgado to third
Batting: RHB Bobby Buck 0-0: Called Strike
0-1: Ball
1-1: Called Strike
António Sánchez steals 2nd base
1-2: Ball
2-2: Ball
3-2: Base on Balls
Batting: RHB Steffen Taylor 0-0: Ball
1-0: Ball
2-0: Ball
3-0: Called Strike
3-1: SINGLE (Flyball, 89S)
Albert Delgado scores
António Sánchez to third
Bobby Buck to second
Runner from 3rd tries for Home, throw and OUT!
Bobby Buck to third
Steffen Taylor to second
Batting: LHB Manuel García 0-0: Hit by Pitch
Batting: RHB Ludovico Trezza 0-0: Called Strike
0-1: Swinging Strike
0-2: Ball
1-2: GRAND SLAM HOME RUN (Line Drive, 78XD), Distance : 444 ft
Batting: RHB Alex Maxwell 0-0: Called Strike
0-1: Called Strike
0-2: Fly out, F8 (Flyball, 8RD)
Batting: LHB Enrique Sánchez 0-0: Fly out, F9 (Flyball, 9M)
Bottom of the 2nd over - 5 run(s), 2 hit(s), 1 error(s), 0 left on base; Santa Barbara 3 - Houston 5
TOP OF THE 3RD
Santa Barbara Golden Cranes batting - Pitching for Houston BC : LHP Shawn Arnold
Batting: RHB Xavier Hernández 0-0: Ball
1-0: Called Strike
1-1: Ground out 4-3 (Groundball, 4)
Batting: RHB Logan Manning 0-0: Called Strike
0-1: Called Strike
0-2: Ball
1-2: SINGLE (Groundball, 15) (infield hit)
Batting: RHB Rob Thomason 0-0: Called Strike
0-1: Ball
1-1: Foul Ball, location: 2F
1-2: Ground out 5-3 (Groundball, 5S)
Logan Manning to second
Batting: RHB Ángel Ruezga 0-0: Ball
1-0: Swinging Strike
1-1: Ball
2-1: Ball
3-1: Base on Balls
Batting: SHB Wilbert Carter 0-0: Ball
1-0: Ball
2-0: Ground out 6-3 (Groundball, 6)
Top of the 3rd over - 0 run(s), 1 hit(s), 0 error(s), 2 left on base; Santa Barbara 3 - Houston 5
BOTTOM OF THE 3RD
Houston BC batting - Pitching for Santa Barbara Golden Cranes : RHP Jason Troughton
Batting: SHB Ricardo Pérez 0-0: Ball
1-0: Ball
2-0: Fly out, F7 (Flyball, 78S)
Batting: RHB Albert Delgado 0-0: Ground out 6-3 (Groundball, 6M)
Batting: RHB António Sánchez 0-0: Ball
1-0: Called Strike
1-1: Called Strike
1-2: TRIPLE (Flyball, 89M)
Batting: RHB Bobby Buck 0-0: Fly out, F9 (Flyball, 89M)
Bottom of the 3rd over - 0 run(s), 1 hit(s), 0 error(s), 1 left on base; Santa Barbara 3 - Houston 5
TOP OF THE 4TH
Santa Barbara Golden Cranes batting - Pitching for Houston BC : LHP Shawn Arnold
Batting: RHB Ted Young 0-0: Called Strike
0-1: Foul Ball, location: 2F
0-2: Ball
1-2: Ball
2-2: SINGLE (Line Drive, 7LS)
Batting: LHB Miguel Mendoza 0-0: Ball
1-0: Foul Ball, location: 2F
1-1: Foul Ball, location: 2F
1-2: Foul Ball, location: 2F
1-2: Fly out, F9 (Flyball, 89M)
Batting: RHB Kyle Dempsey 0-0: Called Strike
0-1: Ball
1-1: Ball
2-1: Ball
3-1: Called Strike
3-2: Foul Ball, location: 2F
3-2: Strikes out looking
Batting: RHB Pablo Lugo 0-0: Foul Ball, location: 2F
0-1: SINGLE (Groundball, 56) (infield hit)
Ted Young to second
Batting: RHB Xavier Hernández 0-0: Called Strike
0-1: Called Strike
0-2: Strikes out swinging
Top of the 4th over - 0 run(s), 2 hit(s), 0 error(s), 2 left on base; Santa Barbara 3 - Houston 5
BOTTOM OF THE 4TH
Houston BC batting - Pitching for Santa Barbara Golden Cranes : RHP Jason Troughton
Batting: RHB Steffen Taylor 0-0: Ball
1-0: Ball
2-0: Fly out, F8 (Flyball, 8LS)
Batting: LHB Manuel García 0-0: Called Strike
0-1: Swinging Strike
0-2: Strikes out looking
Batting: RHB Ludovico Trezza 0-0: Fly out, F5 (Line Drive, 56)
Bottom of the 4th over - 0 run(s), 0 hit(s), 0 error(s), 0 left on base; Santa Barbara 3 - Houston 5
TOP OF THE 5TH
Santa Barbara Golden Cranes batting - Pitching for Houston BC : LHP Shawn Arnold
Batting: RHB Logan Manning 0-0: Foul Ball, location: 2F
0-1: Swinging Strike
0-2: Ball
1-2: Foul Ball, location: 2F
1-2: Ball
2-2: Ball
3-2: Fly out, F9 (Flyball, 9M)
Batting: RHB Rob Thomason 0-0: Ground out 4-3 (Groundball, 4)
Batting: RHB Ángel Ruezga 0-0: Foul Ball, location: 2F
0-1: Called Strike
0-2: Ball
1-2: Ball
2-2: Strikes out swinging
Top of the 5th over - 0 run(s), 0 hit(s), 0 error(s), 0 left on base; Santa Barbara 3 - Houston 5
BOTTOM OF THE 5TH
Houston BC batting - Pitching for Santa Barbara Golden Cranes : RHP Jason Troughton
Batting: RHB Alex Maxwell 0-0: Ball
1-0: Ball
2-0: SINGLE (Flyball, 7LM)
Batting: LHB Enrique Sánchez 0-0: Called Strike
0-1: Ball
1-1: Ball
2-1: Foul Ball, location: 2F
2-2: Foul Ball, location: 2F
2-2: Ball
3-2: Foul Ball, location: 2F
3-2: Ground out 6-3 (Groundball, 6)
Alex Maxwell to second
Batting: SHB Ricardo Pérez 0-0: Foul Ball, location: 2F
0-1: Swinging Strike
0-2: Ground out 4-3 (Groundball, 34)
Alex Maxwell to third
Batting: RHB Albert Delgado 0-0: Ball
1-0: Ball
2-0: DOUBLE (Groundball, 3L)
Alex Maxwell scores
Pitching: LHP Russ Melanson
Batting: RHB António Sánchez 0-0: Ball
1-0: Foul Ball, location: 2F
1-1: Ball
2-1: Ground out 4-3 (Groundball, 34)
Bottom of the 5th over - 1 run(s), 2 hit(s), 0 error(s), 1 left on base; Santa Barbara 3 - Houston 6
TOP OF THE 6TH
Santa Barbara Golden Cranes batting - Pitching for Houston BC : LHP Shawn Arnold
Batting: SHB Wilbert Carter 0-0: Ball
1-0: Ball
2-0: Called Strike
2-1: Ground out 1-3 (Groundball, 23)
Batting: RHB Ted Young 0-0: Foul Ball, location: 2F
0-1: Foul Ball, location: 2F
0-2: Ball
1-2: DOUBLE (Groundball, 5L)
Batting: LHB Miguel Mendoza 0-0: Called Strike
0-1: Swinging Strike
0-2: Foul Ball, location: 2F
0-2: Foul Ball, location: 2F
0-2: Ball
1-2: Ball
2-2: Foul Ball, location: 2F
2-2: Strikes out looking
Batting: RHB Kyle Dempsey 0-0: DOUBLE (Line Drive, 7LS)
Ted Young scores
Batting: RHB Pablo Lugo 0-0: Called Strike
0-1: Called Strike
0-2: Ball
1-2: Ground out 6-3 (Groundball, 6)
Top of the 6th over - 1 run(s), 2 hit(s), 0 error(s), 1 left on base; Santa Barbara 4 - Houston 6
BOTTOM OF THE 6TH
Houston BC batting - Pitching for Santa Barbara Golden Cranes : LHP Russ Melanson
Batting: RHB Bobby Buck 0-0: Ball
1-0: Called Strike
1-1: Ball
2-1: Ground out 6-3 (Groundball, 6M)
Batting: RHB Steffen Taylor 0-0: Ball
1-0: Ball
2-0: Called Strike
2-1: Swinging Strike
2-2: Fly out, F8 (Flyball, 8RM)
Batting: LHB Manuel García 0-0: Called Strike
0-1: Ball
1-1: Ball
2-1: Called Strike
2-2: Strikes out swinging
Bottom of the 6th over - 0 run(s), 0 hit(s), 0 error(s), 0 left on base; Santa Barbara 4 - Houston 6
TOP OF THE 7TH
Santa Barbara Golden Cranes batting - Pitching for Houston BC : LHP Shawn Arnold
Batting: RHB Xavier Hernández 0-0: Swinging Strike
0-1: Ball
1-1: Fly out, F8 (Flyball, 8RM)
Batting: RHB Logan Manning 0-0: SINGLE (Flyball, 78S)
Pitching: RHP Dan Hobbs
Batting: RHB Rob Thomason 0-0: Ball
1-0: Foul Ball, location: 2F
1-1: TRIPLE (Line Drive, 9LS)
Logan Manning scores
Pinch Hitting: SHB Shojiro Kimura 0-0: Ball
1-0: Ball
2-0: Called Strike
2-1: Ball
3-1: SINGLE (Groundball, 34D)
Rob Thomason scores
Pinch Runner at 1st Manny Rosário:
Batting: SHB Wilbert Carter 0-0: Ball
1-0: Swinging Strike
1-1: Ball
2-1: Ball
3-1: Fly out, F7 (Flyball, 7LM)
Pinch Hitting: LHB Jim Unknown 0-0: Ball
Manny Rosário steals 2nd base
1-0: Called Strike
1-1: SINGLE (Groundball, 4M)
Manny Rosário to third
Runner from 3rd tries for Home, SAFE, no throw or cutoff
Batting: LHB Miguel Mendoza 0-0: Foul Ball, location: 2F
0-1: Foul Ball, location: 2F
0-2: Ball
Jim Unknown is caught stealing 2nd base
Top of the 7th over - 3 run(s), 4 hit(s), 0 error(s), 0 left on base; Santa Barbara 7 - Houston 6
BOTTOM OF THE 7TH
Houston BC batting - Pitching for Santa Barbara Golden Cranes : LHP Russ Melanson
Now at 2B: Manny Rosário
Now at SS: Armando Villarreal
Batting: RHB Ludovico Trezza 0-0: Ball
1-0: Ball
2-0: Called Strike
2-1: Called Strike
2-2: Ball
3-2: Strikes out swinging
Batting: RHB Alex Maxwell 0-0: Called Strike
0-1: Ball
1-1: SINGLE (Flyball, 4MD)
Batting: LHB Enrique Sánchez 0-0: Ball
1-0: Swinging Strike
1-1: Swinging Strike
1-2: Ball
2-2: Fly out, F6 (Popup, 6MD)
Batting: SHB Ricardo Pérez 0-0: Foul Ball, location: 2F
0-1: Ball
1-1: Ball
2-1: Swinging Strike
2-2: Ground out 6-3 (Groundball, 56)
Bottom of the 7th over - 0 run(s), 1 hit(s), 0 error(s), 1 left on base; Santa Barbara 7 - Houston 6
TOP OF THE 8TH
Santa Barbara Golden Cranes batting - Pitching for Houston BC : RHP Dan Hobbs
Batting: LHB Miguel Mendoza 0-0: Foul Ball, location: 2F
0-1: Foul Ball, location: 2F
0-2: Ball
1-2: Ball
2-2: Strikes out looking
Batting: RHB Kyle Dempsey 0-0: Ball
1-0: Ball
2-0: Foul Ball, location: 2F
2-1: Ground out 3-1 (Groundball, 34)
Batting: RHB Pablo Lugo 0-0: Ball
1-0: Called Strike
1-1: Foul Ball, location: 2F
1-2: Strikes out swinging
Top of the 8th over - 0 run(s), 0 hit(s), 0 error(s), 0 left on base; Santa Barbara 7 - Houston 6
BOTTOM OF THE 8TH
Houston BC batting - Pitching for Santa Barbara Golden Cranes : LHP Russ Melanson
Pitching: RHP Enrique García
Batting: RHB Albert Delgado 0-0: TRIPLE (Line Drive, 9LM)
Pinch Hitting: LHB Raúl Trevino 0-0: Fly out, F6 (Popup, 13)
Batting: RHB Bobby Buck 0-0: Called Strike
0-1: Foul Ball, location: 2F
0-2: Strikes out looking
Batting: RHB Steffen Taylor 0-0: Foul Ball, location: 2F
0-1: Ball
1-1: Ball
2-1: Ball
3-1: Foul Ball, location: 2F
3-2: Strikes out swinging
Bottom of the 8th over - 0 run(s), 1 hit(s), 0 error(s), 1 left on base; Santa Barbara 7 - Houston 6
TOP OF THE 9TH
Santa Barbara Golden Cranes batting - Pitching for Houston BC : RHP Dan Hobbs
Pitching: RHP Katsuyoshi Takuda
Now in LF: Raúl Trevino
Batting: RHB Xavier Hernández 0-0: Called Strike
0-1: Called Strike
0-2: Strikes out swinging
Batting: RHB Logan Manning 0-0: Foul Ball, location: 2F
0-1: SINGLE (Flyball, 6MD)
Pinch Hitting: LHB Jim Unknown 0-0: Ball
1-0: Foul Ball, location: 2F
1-1: Ball
2-1: Fly out, F4 (Line Drive, 4)
Batting: LHB Manny Rosário 0-0: Ball
1-0: Ball
Logan Manning steals 2nd base
2-0: Ball
3-0: Called Strike
3-1: Fly out, F8 (Flyball, 8LM)
Top of the 9th over - 0 run(s), 1 hit(s), 0 error(s), 1 left on base; Santa Barbara 7 - Houston 6
BOTTOM OF THE 9TH
Houston BC batting - Pitching for Santa Barbara Golden Cranes : RHP Enrique García
Pitching: RHP Xavier Andrade
Now in RF: Jim Unknown
Batting: LHB Manuel García 0-0: SINGLE (Line Drive, 3D)
Batting: RHB Ludovico Trezza 0-0: Foul Ball, location: 2F
0-1: Called Strike
0-2: Ball
1-2: Foul Ball, location: 2F
1-2: Ball
2-2: Foul Ball, location: 2F
2-2: Fly out, F3 (Popup, 34)
Batting: RHB Alex Maxwell 0-0: Ball
1-0: Called Strike
1-1: Ball
2-1: Ball
3-1: Grounds into double play, 6-4-3 (Groundball, 6)
Bottom of the 9th over - 0 run(s), 1 hit(s), 0 error(s), 0 left on base; Santa Barbara 7 - Houston 6
This league is powered by Out of the Park Baseball, the baseball management simulation game for PC, Mac and Linux
Monday, October 3rd, 2016 - OOTP Baseball 16.9 Build 39